 Dungeon Crawl Stone Soup version 0.25-a0-488-g03579ab4a3 (webtiles) character file.

Game seed: 11515483805160398227, levelgen mode: deterministic

10913 Error4North the Cleaver (level 11, -10/97 HPs)
             Began as a Hill Orc Fighter on Feb 11, 2020.
             Was a Believer of Okawaru.
             Mangled by Jorgrun
             ... wielding a +0 vorpal quarterstaff
              (12 damage)
             ... on level 1 of the Orcish Mines.
             The game lasted 00:47:46 (11747 turns).

Error4North the Cleaver (Hill Orc Fighter)         Turns: 11747, Time: 00:47:46

Health: -10/97     AC: 16    Str: 23    XL:     11   Next: 69%
Magic:  15/15      EV:  3    Int:  8    God:    Okawaru [**....]
Gold:   615        SH: 21    Dex: 12    Spells: 16/16 levels left

rFire    . . .     SeeInvis .   P - +4 war axe
rCold    . . .     Gourm    .   n - +3 pavise
rNeg     + . .     Faith    .   m - +0 chain mail
rPois    .         Spirit   .   (helmet restricted)
rElec    .         Reflect  .   (no cloak)
rCorr    .         Harm     .   H - +2 pair of gloves {archery}
MR       .....                  b - +1 pair of boots
Stlth    ..........             (no amulet)
HPRegen  0.26/turn              o - ring of positive energy
MPRegen  0.14/turn              L - ring of attention (curse)

@: grasped by roots, constricted
A: horns 1, mutation resistance 1, strong 1
a: Heroism, Renounce Religion, Convert to Beogh


You were on level 1 of the Orcish Mines.
You worshipped Okawaru.
Okawaru was pleased with you.
You were not hungry.

You visited 4 branches of the dungeon, and saw 13 of its levels.

You collected 615 gold pieces.

Inventory:

Hand Weapons
 D - a +2 flail of holy wrath
 P - a +4 war axe (weapon)
Missiles
 e - 34 boomerangs (quivered)
Armour
 b - a +1 pair of boots (worn)
 g - a +2 helmet
 m - a +0 chain mail (worn)
 n - a +3 pavise (worn)
 H - a +2 pair of gloves of archery (worn)
 Q - a +1 helmet
Jewellery
 c - an uncursed ring of see invisible {unknown}
 o - a ring of positive energy (left hand)
 C - an uncursed ring of protection from fire {unknown}
 L - a cursed ring of attention (right hand)
Wands
 a - a wand of scattershot (4)
 q - a wand of enslavement (18)
 E - a wand of iceblast (9)
 I - a wand of flame (26)
 N - a wand of polymorph (28)
Scrolls
 h - 2 scrolls of identify {unknown}
 i - 2 scrolls of amnesia
 k - 3 scrolls of blinking {unknown}
 l - 5 scrolls of remove curse
 p - 2 scrolls of enchant weapon {unknown}
 r - a scroll of random uselessness {unknown}
 t - 5 scrolls of teleportation
 u - a scroll of fear
 v - a scroll of immolation {unknown}
 x - a scroll of magic mapping {unknown}
 y - a scroll of holy word {unknown}
 z - a scroll of acquirement {unknown}
 B - 3 scrolls of fog {unknown}
 J - a scroll of vulnerability {unknown}
 M - 2 scrolls of brand weapon {unknown}
Potions
 j - 4 potions of flight
 s - 4 potions of curing
 w - a potion of might
 A - a potion of degeneration
 F - 2 potions of lignification
Comestibles
 f - 25 rations


   Skills:
 * Level 9.0 Fighting
 + Level 10.8 Axes
 + Level 2.6 Throwing
 * Level 8.5 Armour
 + Level 2.3 Dodging
 + Level 1.0 Stealth
 * Level 10.7 Shields
 * Level 3.2 Spellcasting
 * Level 5.9 Evocations


You had 16 spell levels left.
You didn't know any spells.
Your spell library was empty.

Dungeon Overview and Level Annotations

Branches:
Dungeon (10/15)            Temple (1/1) D:4            Lair (1/6) D:8
    Orc (1/2) D:10

Altars:
Ashenzari
Cheibriados
Dithmenos
Elyvilon
Fedhas
Gozag
Hepliaklqana
Kikubaaqudgha
Makhleb
Nemelex Xobeh
Okawaru
Qazlal
Ru
Sif Muna
Trog
Uskayaw
Vehumet
Wu Jian
Xom
Yredelemnul
Zin
The Shining One

Shops:
D:6 (

Annotations:
Orc:1 Jorgrun


Innate Abilities, Weirdness & Mutations

You have a pair of small horns on your head.
You are somewhat resistant to further mutation.
Your muscles are strong. (Str +2)


Message History

* * * LOW HITPOINT WARNING * * *
Jorgrun hits you with a +0 vorpal quarterstaff.
* * * LOW HITPOINT WARNING * * *
The grasping roots constrict you!
The orc wizard hits you but does no damage.
The orc warrior hits you but does no damage.
The orc priest hits you but does no damage.
The orc priest hits you.
The orc priest threatens, "By the altar or by the axe, you will meet Beogh!"
Jorgrun hits you with a +0 vorpal quarterstaff.
* * * LOW HITPOINT WARNING * * *
x2 The grasping roots constrict you!
The orc wizard hits you but does no damage.
The orc priest hits you but does no damage.
You turn to flesh and can move again.
You fail to use your ability.
The orc warrior hits you with a +0 scimitar!
* * * LOW HITPOINT WARNING * * *
You block the orc priest's attack. You block Jorgrun's attack.
You die...

#.##..##.##..
....$....... #
..........
#.###....... ##
...$.......# #.##
...........####...#
..#........#.#....
......o#g......$..
.......@o....#..#.
.......oo...#.# #
.......(..)$.#..
......[(..........
..##...[##........
. #>......##...##.#
##...... ...# .
........# #.##
......#$.# ##


You could see Jorgrun, an orc warrior, 2 orc priests and an orc wizard.

Vanquished Creatures
  A two-headed ogre (D:8)
  3 death yaks (D:8)
  A cyclops (D:10)
  Maurice (D:10)
  2 trolls
  A dream sheep (D:9)
  3 hippogriffs
  A wraith (Orc:1)
  5 yaks
  Sigmund (D:3)
  A hungry ghost (D:10)
  A steam dragon (D:7)
  Edmund (D:5)
  A porcupine (D:8)
  3 orc warriors
  4 ice beasts
  4 ogres
  3 phantoms
  3 centaurs
  4 bullfrogs
  3 big kobolds
  A wyvern zombie (D:6)
  A scorpion (D:10)
  14 killer bees
  3 wights (D:9)
  3 howler monkeys
  5 crimson imps
  8 hounds
  2 bullfrog skeletons
  3 jellies
  A quasit (D:8)
  8 orc priests
  2 centaur skeletons
  7 orc wizards
  Terence (D:3)
  2 hell rats (D:8)
  2 iguanas
  12 worker ants
  A killer bee zombie (D:10)
  A hound zombie (D:5)
  2 hound skeletons (D:4)
  A worker ant zombie (D:6)
  8 gnolls
  11 adders
  A river rat (D:8)
  2 shadow imps
  An adder skeleton (D:5)
  5 worms
  2 leopard geckos
  55 orcs
  A ball python (D:1)
  7 giant cockroaches
  18 goblins
  12 hobgoblins
  5 jackals
  5 quokkas
  7 bats
  5 frilled lizards
  19 kobolds
  A leopard gecko skeleton (D:9)
  4 rats
296 creatures vanquished.

Vanquished Creatures (others)
  4 dream sheep (D:9)
  An orc wizard (D:4)
5 creatures vanquished.

Grand Total: 301 creatures vanquished

Notes
Turn   | Place    | Note
-------+----------+-------------------------------------------
     0 | D:1      | Error4North the Hill Orc Fighter began the quest for the
                  | Orb.
     0 | D:1      | Reached XP level 1. HP: 19/19 MP: 1/1
   150 | D:1      | Reached XP level 2. HP: 27/27 MP: 2/2
   773 | D:2      | Reached XP level 3. HP: 33/33 MP: 3/3
   933 | D:2      | Found an opulent altar of Gozag.
  1427 | D:2      | Reached XP level 4. HP: 37/40 MP: 4/4
  1556 | D:3      | Found a hide-covered altar of Uskayaw.
  1691 | D:3      | Found a white marble altar of Elyvilon.
  1692 | D:3      | Found a glowing silver altar of Zin.
  1697 | D:3      | Found a glowing golden altar of the Shining One.
  1736 | D:3      | Noticed Terence
  1743 | D:3      | Killed Terence
  1864 | D:3      | Reached XP level 5. HP: 36/46 MP: 5/5
  1877 | D:3      | Found a shimmering blue altar of Sif Muna.
  1915 | D:3      | Noticed Sigmund
  1924 | D:3      | Killed Sigmund
  1924 | D:3      | Reached skill level 5 in Axes
  1924 | D:3      | Reached skill level 1 in Throwing
  1924 | D:3      | Reached XP level 6. HP: 53/53 MP: 6/6
  2435 | D:4      | Reached skill level 5 in Fighting
  2641 | D:4      | Found an ornate altar of the Wu Jian Council.
  2649 | D:4      | Noticed a phantom
  2668 | D:4      | Reached XP level 7. HP: 55/61 MP: 7/7
  2694 | D:4      | Reached skill level 5 in Shields
  2733 | D:4      | Reached skill level 1 in Dodging
  2986 | D:4      | Reached skill level 1 in Evocations
  3246 | D:4      | Found a staircase to the Ecumenical Temple.
  3255 | Temple   | Entered the Ecumenical Temple
  3636 | D:5      | Entered Level 5 of the Dungeon
  3652 | D:5      | Found an opulent altar of Gozag.
  3714 | D:5      | Reached XP level 8. HP: 47/70 MP: 9/9
  3906 | D:5      | Reached skill level 5 in Armour
  3996 | D:5      | Noticed Edmund
  4020 | D:5      | Killed Edmund
  4878 | D:6      | Reached XP level 9. HP: 74/78 MP: 11/11
  5050 | D:6      | Found Muympazu's Weapon Shop.
  5438 | D:7      | Found an iron altar of Okawaru.
  6077 | D:8      | Noticed a two-headed ogre
  6113 | D:8      | Killed a two-headed ogre
  6501 | D:8      | Found a staircase to the Lair.
  6502 | D:8      | Noticed a death yak
  6503 | D:8      | Noticed a death yak
  6868 | D:7      | Reached XP level 10. HP: 83/86 MP: 13/13
  6958 | D:7      | Found a shadowy altar of Dithmenos.
  6998 | D:7      | Reached skill level 1 in Spellcasting
  7677 | D:8      | Found a burning altar of Makhleb.
  7698 | D:8      | Noticed a death yak
  7760 | D:8      | Killed a death yak
  8069 | D:8      | Killed a death yak
  8069 | D:8      | Reached skill level 10 in Axes
  8069 | D:8      | Reached skill level 5 in Evocations
  8385 | D:8      | Gained mutation: You have a pair of small horns on your
                  | head. [potion of mutation]
  8385 | D:8      | Gained mutation: You are resistant to hostile enchantments.
                  | (MR+) [potion of mutation]
  8403 | D:8      | Killed a death yak
  8413 | D:8      | Reached XP level 11. HP: 40/95 MP: 14/14
  8775 | D:7      | Became a worshipper of Warmaster Okawaru
  8785 | D:7      | Lost mutation: You are resistant to hostile enchantments.
                  | (MR+) [potion of mutation]
  8785 | D:7      | Gained mutation: Your muscles are strong. (Str +2) [potion
                  | of mutation]
  8785 | D:7      | Gained mutation: You are somewhat resistant to further
                  | mutation. [potion of mutation]
  9311 | D:9      | Found a blossoming altar of Fedhas.
  9313 | D:9      | Found an ancient bone altar of Kikubaaqudgha.
  9369 | D:9      | Found a shimmering altar of Xom.
  9862 | D:10     | Entered Level 10 of the Dungeon
 10005 | D:10     | Reached skill level 10 in Shields
 10047 | D:9      | Reached * piety under Okawaru
 10344 | Lair:1   | Entered Level 1 of the Lair of Beasts
 10344 | Lair:1   | Noticed a six-headed hydra
 10451 | D:10     | Noticed Maurice
 10487 | D:10     | Found a staircase to the Orcish Mines.
 10692 | D:10     | Reached ** piety under Okawaru
 10720 | D:10     | Killed Maurice
 11329 | Orc:1    | Entered Level 1 of the Orcish Mines
 11346 | Orc:1    | Noticed a cyclops
 11710 | Orc:1    | Noticed Jorgrun
 11718 | D:10     | Killed a cyclops
 11718 | D:10     | Reached skill level 1 in Stealth
 11747 | Orc:1    | HP: 2/97 [orc warrior/+0 scimitar (9)]
 11747 | Orc:1    | Mangled by Jorgrun

Levels and vault maps discovered:
D:1:      dpeg_arrival_long_road, layout_loops_ring,
          wander_ebering_terrifying_dragon_lair
D:2:      wander_river, layout_loops_cross,
          nicolae_gozag_cash_rules_everything_around_me
D:3:      layout_loops_ring, good_gods_temple_1, lemuel_round_altar,
          eat_drink_and_be_merry_uskayaw, uniq_sigmund, uniq_terence
D:4:      corexii_shantytown, layout_rooms, nicolae_overflow_crystal_walls,
          minmay_temple_entry_statues_pillars
D:5:      layout_loops_ring, overflow_temple_1_default, first_ration,
          cheibrodos_gnoll_hut, uniq_edmund
D:6:      layout_cave_pools, serial_shops, shop, minmay_increasing_density
D:7:      layout_layer_cave, nicolae_dithmenos_through_a_glass_darkly,
          nicolae_overflow_hidden_temple
D:8:      layout_gridville, bloody_makhleb, dpeg_lair_monsters,
          blue_anna_alchemist [blue_anna_fruit_fields, blue_anna_fruit_fields],
          minmay_quadrilaterals
D:9:      layout_loops_ring, grunt_temple_overflow_growth_and_decay,
          kb_xom_exploding_sheep
D:10:     kennysheep_spiral_hall, layout_long_grid, david_orc_3,
          grunt_decor_clamped, chequers_serial_rivers_large_a, chequers_garden,
          uniq_maurice
Temple:   nicolae_temple_figure_zero
Lair:1:   layout_roguey, grunt_megastairs_2
Orc:1:    layout_caves, mines2_david, uniq_josephine, uniq_snorg, uniq_jorgrun

Skill      XL: |  1  2  3  4  5  6  7  8  9 10 11 |
---------------+----------------------------------+-----
Fighting       | 4 5 6 7 8 9 |  9.0
Axes           | 3 4 5 6 7 9 10 | 10.8
Shields        | 4 5 6 8 9 10 | 10.7
Throwing       | 1 2 |  2.6
Armour         | 4 5 6 7 8 |  8.5
Dodging        | 1 2 |  2.3
Evocations     | 1 3 4 5 |  5.9
Spellcasting   | 2 3 |  3.2
Stealth        | 1 |  1.0

Action                   |  1- 3 |  4- 6 |  7- 9 | 10-12 || total
-------------------------+-------+-------+-------+-------++-------
Melee: War axe           |   100 |   172 |   465 |   400 ||  1137
       Headbutt          |       |       |       |    46 ||    46
Throw: Boomerang         |    46 |    26 |    50 |    36 ||   158
Invok: Heroism           |       |       |       |     3 ||     3
  Use: Potion            |       |     1 |     5 |    12 ||    18
       Scroll            |       |       |    10 |       ||    10
 Stab: Invisible         |       |       |     3 |       ||     3
  Eat: Chunk             |     2 |     4 |    11 |     7 ||    24
       Ration            |       |       |     1 |     4 ||     5
Armor: Scale mail        |    35 |    60 |    17 |       ||   112
       Chain mail        |       |       |   200 |   145 ||   345
       Skin              |       |       |    13 |       ||    13
Dodge: Dodged            |    22 |    31 |    72 |    53 ||   178
Block: Kite shield       |    18 |       |       |       ||    18
       Pavise            |    46 |   121 |   452 |   432 ||  1051

Table legend:
 A = Non-vault XP
 B = Vault XP
 C = Vault XP percentage of total XP
 D = Non-vault monster count
 E = Vault monster count
 F = Vault count percentage of total count
                 A         B        C        D         E       F
            +---------+---------+-------+---------+---------+-------
      Total |    9879 |    5711 |  36.6 |     233 |      67 |  22.3
            +---------+---------+-------+---------+---------+-------
        D:1 |      27 |       1 |   3.6 |      16 |       1 |   5.9
        D:2 |      56 |       0 |   0.0 |      20 |       0 |   0.0
        D:3 |     107 |     244 |  69.5 |      26 |       2 |   7.1
        D:4 |     550 |     105 |  16.0 |      23 |      27 |  54.0
        D:5 |     410 |     268 |  39.5 |      15 |       4 |  21.1
        D:6 |     600 |      60 |   9.1 |      13 |       3 |  18.8
        D:7 |    1020 |       0 |   0.0 |      32 |       0 |   0.0
        D:8 |    2283 |    3688 |  61.8 |      28 |      18 |  39.1
        D:9 |    1132 |     307 |  21.3 |      19 |       1 |   5.0
       D:10 |    3642 |     818 |  18.3 |      36 |      10 |  21.7
     Temple |       2 |       0 |   0.0 |       1 |       0 |   0.0
      Orc:1 |      50 |     220 |  81.5 |       4 |       1 |  20.0
            +---------+---------+-------+---------+---------+-------
